 Dungeon Crawl Stone Soup version 0.31-a0-986-g5e6e4ef867 (webtiles) character file.

Game seed: 5575130080869435413

683 backslashecho the Ruffian (level 7, -4/70 HPs)
             Began as a Troll Shapeshifter on Nov 11, 2023.
             Was a Priest of Uskayaw.
             Slain by a killer bee (8 damage)
             ... on level 5 of the Dungeon.
             The game lasted 00:07:12 (3806 turns).

backslashecho the Ruffian (Troll Shapeshifter)      Turns: 3806, Time: 00:07:13

Health: -4/70      AC:  8    Str: 25    XL:     7   Next: 35%
Magic:  6/6        EV: 10    Int:  6    God:    Uskayaw [***...]
Gold:   211        SH:  0    Dex:  9    Spells: 6/6 levels left

rFire   . .          .
                       - Unarmed
rCold   . . .        (no shield)
rNeg    . . .        a - +0 animal skin
rPois   .            (helmet currently unavailable)
rElec   .            (cloak currently unavailable)
rCorr   .            (gloves unavailable)
SInv    .            (boots unavailable)
Will    .....        (no amulet)
Stlth   +            m - +4 ring of protection
HPRegen 1.11/turn    (no ring)
MPRegen 0.10/turn

%: no passive effects
@: lethally poisoned (-4 -> -14), beast-form
A: beast (slay +2), large, unfitting armour, claws 3, regeneration 1, shaggy fur
1, tough skin 1
a: Begin Untransformation, Renounce Religion, Stomp, Line Pass


You were on level 5 of the Dungeon.
You worshipped Uskayaw.
Uskayaw was noncommittal.
You were a hulking beast.
You visited 2 branches of the dungeon, and saw 6 of its levels.

You collected 211 gold pieces.

Inventory:

Hand Weapons
 q - the +1 mace of Apizaamm {venom, Str+9}
   (You found it on level 3 of the Dungeon)

   Str+9:     It affects your strength (+9).
Missiles
 f - 3 throwing nets
 n - 2 javelins
 r - 11 poisoned darts (quivered)
Armour
 a - a +0 animal skin (worn)
Jewellery
 m - a +4 ring of protection (left claw)
 u - an amulet of regeneration
Talismans
 c - a beast talisman
 d - a flux talisman
 l - a serpent talisman
Wands
 o - a wand of roots (5)
Scrolls
 b - a scroll of enchant armour {unknown}
 g - a scroll of enchant weapon {unknown}
 h - 4 scrolls of identify {unknown}
 i - a scroll of blinking {unknown}
 k - a scroll of amnesia {unknown}
 p - a scroll of poison {unknown}
 s - a scroll of revelation {unknown}
 v - a scroll of acquirement {unknown}
Potions
 e - 2 potions of enlightenment {unknown}
 j - a potion of attraction {unknown}
 t - a potion of curing {unknown}


   Skills:
 + Level 4.0 Fighting
 + Level 3.3 Dodging
 + Level 4.7 Unarmed Combat
 + Level 0.9 Invocations
 + Level 4.4 Shapeshifting


You had 6 spell levels left.
You didn't know any spells.
Your spell library was empty.

Dungeon Overview and Level Annotations

Branches:
Dungeon (5/15)             Temple (1/1) D:4

Altars:
Ashenzari
Cheibriados
Dithmenos
Elyvilon
Fedhas
Gozag
Hepliaklqana
Nemelex Xobeh
Okawaru
Qazlal
Ru
Sif Muna
Trog
Uskayaw
Vehumet
Wu Jian
Xom
Zin
The Shining One

Annotations:
D:3 3 runed translucent doors, hgbash's ghost, weakling DEEE
D:5 2 runed translucent doors, Jedisixx's ghost, amateur OgSh


Innate Abilities, Weirdness & Mutations

You are a hulking beast.
Your limbs bulge with bestial killing power. (Slay +2)
You are too large for most types of armour.
You have claws for hands.
Your natural rate of healing is unusually fast.
You are covered in fur. (AC +1)
You have tough skin. (AC +1)


Message History

Press: ? - help, Shift-Dir - straight line, f - killer bee
Aim: a killer bee The roots erupt in riotous growth!
Roots grab the killer bee. x2
The grasping roots constrict the killer bee. x2
You feel very sick. The killer bee closely misses you.
The killer bee barely misses you.
You take 3 damage, and have 22/70 hp.
You claw the killer bee!
You kill the killer bee!
The grasping roots constrict the killer bee.
You feel very sick.
You hear an angry buzzing noise.
The killer bee struggles to escape constriction.
A scorpion comes into view.
The killer bee escapes!
Uskayaw will force your foes to helplessly watch your dance.
Uskayaw prepares the audience for your solo!
You take 2 damage, and have 20/70 hp.
The helpless killer bee fails to defend itself.
You scratch the killer bee.
The killer bee is heavily wounded.
You feel sick.
The scorpion is no longer paralysed.
The killer bee is no longer paralysed. x2; The killer bee barely misses you.
You take 1 damage, and have 19/70 hp.
You miss the killer bee.
The killer bee is heavily wounded.
You feel sick. The killer bee barely misses you.
The killer bee stings you but does no damage.
You take 1 damage, and have 18/70 hp.
You barely miss the killer bee.
The killer bee is heavily wounded.
You feel sick.
The killer bee stings you but does no damage. x2
You take 1 damage, and have 17/70 hp.
You miss the killer bee.
The killer bee is heavily wounded.
You feel sick. The killer bee stings you.
* * * LOW HITPOINT WARNING * * *
You are more poisoned.
The killer bee poisons you! The killer bee closely misses you.
You take 5 damage, and have 12/70 hp.
You barely miss the killer bee.
The killer bee is heavily wounded.
You feel very sick. The killer bee stings you.
* * * LOW HITPOINT WARNING * * *
You are lethally poisoned!
The killer bee poisons you! The killer bee stings you!
You die...

. ............. ## ###.
#........... .#.# .#.#.#
#.......####
#.#.#.#.#.#.#+.......####
#.#.#.#.#.#.#.......#...
#.#.#.#.#.#.#+#'####...
#.#.#.#.#.#.#.#...+...
#.#.#.#.#.#.#.####...
#†#h#.#.#.#.###.....
#y#.#.#.#.#.##.####
#y#.#.#†#.#+###'####
#y#.#.#.#.#..........
#s#.#.#.#.#+..........
#.#.#.#.#.#.#..........
#.#y#.#.#.#.#.#+#.......
#.#.#.#.#.# #.#.#+.......
.#y#.#.# #.#.#.......


You could see a scorpion and 3 killer bees.

Vanquished Creatures
  Sigmund (D:4)
  2 phantoms
  A gnoll sergeant (D:3)
  A killer bee (D:5)
  2 orc priests (D:4)
  An iguana (D:5)
  Ijyb (D:3)
  4 gnolls (D:3)
  8 adders
  A worm (D:2)
  A dart slug (D:1)
  2 orcs
  5 endoplasms
  3 giant cockroaches
  4 goblins
  4 hobgoblins
  4 jackals (D:4)
  8 kobolds
  2 quokkas
  7 ball pythons
  2 bats (D:1)
  4 frilled lizards
  5 rats
73 creatures vanquished.

Notes
Turn   | Place    | Note
-------+----------+-------------------------------------------
     0 | D:1      | backslashecho the Troll Shapeshifter began the quest for
                  | the Orb.
     0 | D:1      | Reached XP level 1. HP: 18/18 MP: 0/0
    48 | D:1      | Reached skill level 1 in Fighting
    88 | D:1      | Reached XP level 2. HP: 27/27 MP: 1/1
   415 | D:1      | You fall into a shaft and drop 1 floor!
   585 | D:2      | Reached XP level 3. HP: 33/33 MP: 2/2
  1186 | D:2      | Reached XP level 4. HP: 42/42 MP: 3/3
  1407 | D:3      | Noticed Ijyb
  1421 | D:3      | Killed Ijyb
  1491 | D:3      | Identified the +1 mace of Apizaamm {venom, Str+9}
  1708 | D:3      | Found a faded altar of an unknown god.
  1828 | D:3      | Noticed a gnoll sergeant
  1852 | D:3      | Reached XP level 5. HP: 50/50 MP: 4/4
  1918 | D:3      | Found a runed translucent gate.
  1918 | D:3      | Found a runed translucent gate.
  1919 | D:3      | Found a runed translucent gate.
  1922 | D:3      | Noticed hgbash's ghost (weakling DEEE)
  1923 | D:3      | Identified the +3 hand axe of Fupussa {freeze, rF+ rN++
                  | Int-5 Dex+3}
  2598 | D:4      | Noticed a phantom
  2605 | D:4      | Killed a phantom
  2606 | D:4      | Reached XP level 6. HP: 61/61 MP: 5/5
  2897 | D:4      | Found a staircase to the Ecumenical Temple.
  2897 | D:4      | Noticed Sigmund
  2935 | D:4      | Killed Sigmund
  3250 | D:4      | Reached XP level 7. HP: 42/68 MP: 6/6
  3324 | Temple   | Entered the Ecumenical Temple
  3344 | Temple   | Became a worshipper of Uskayaw the Reveller
  3583 | D:5      | Entered Level 5 of the Dungeon
  3713 | D:5      | Reached * piety under Uskayaw
  3716 | D:5      | Found a runed translucent gate.
  3716 | D:5      | Found a runed translucent gate.
  3718 | D:5      | Reached ** piety under Uskayaw
  3726 | D:5      | Noticed Jedisixx's ghost (amateur OgSh)
  3801 | D:5      | Reached *** piety under Uskayaw
  3806 | D:5      | Slain by a killer bee

Illustrated notes

Levels and vault maps discovered:
D:1:      tarquinn_simple_flora_water_a, layout_rooms
D:2:      layout_loops_corners, serial_park_tiny_1, chequers_decorated_corner
D:3:      layout_basic, biasface_ghost_orc_armoury,
          chequers_ecumenical_altar_simple, uniq_ijyb
D:4:      layout_loops_ring, temple_green, uniq_sigmund
D:5:      layout_basic, gammafunk_ghost_split
Temple:   nicolae_temple_bog_church

Skill      XL: |  1  2  3  4  5  6  7 |
---------------+----------------------+-----
Fighting       | 1 2 3 4 |  4.0
Dodging        | 2 3 |  3.3
Unarmed Combat | 4 |  4.7
Shapeshifting  | 4 |  4.4
Invocations    | |  0.9

Action                     |  1- 3 |  4- 6 |  7- 9 || total
---------------------------+-------+-------+-------++-------
  Melee: Unarmed           |    80 |    72 |    26 ||   178
         Punch             |       |     1 |       ||     1
  Throw: Dart              |       |     6 |       ||     6
  Evoke: Wand              |       |     7 |     1 ||     8
    Use: Potion            |       |     1 |       ||     1
   Stab: Paralysed         |       |       |     1 ||     1
 Armour: Animal skin       |    45 |    39 |    30 ||   114
         Skin              |       |    10 |       ||    10
  Dodge: Dodged            |    26 |    42 |    13 ||    81

Table legend: (Time is in decaauts)
 A = Elapsed time spent in this place.
 B = Non-inter-level travel time spent in this place.
 C = Inter-level travel time spent in this place.
 D = Time resting spent in this place.
 E = Time spent auto-exploring this place.
 F = Levels seen in this place.
 G = Mean time per level.
                   A        B        C        D        E       F      G
               +--------+--------+--------+--------+--------+-----+--------+
         Total |   3796 |   3401 |    395 |    100 |   2671 |   6 |  632.7 |
       Dungeon |   3760 |   3381 |    379 |    100 |   2671 |   5 |  752.0 |
        Temple |     35 |     20 |     15 |      0 |      0 |   1 |   35.0 |
               +--------+--------+--------+--------+--------+-----+--------+

Top non-repeatable levels by time:
     D:3: 1216 daAuts
     D:4: 1056 daAuts
     D:2: 861 daAuts
     D:1: 498 daAuts
     D:5: 128 daAuts
  Temple: 35 daAuts
